AoeStats
← 欢乐小菜鸟

Arena

506846514Analyzed
4v4 RM · 17d ago on Sep 15, 2026· 44m 36s· 8 players
Game mode
Random Map
Map size
Large (8 player)
Population
200
Speed
Normal
Resources
Standard
Victory
Conquest
Starting age
Dark Age
Ending age
Imperial Age
RankedLock teamsTeams togetherTeam positionsShared explorationLock speedFull tech treeHidden civsTurbo modeCheats
Victory
Defeat
🇮🇩 Mongols · Indonesia
1028
+14
🇨🇳 Poles · China
1021
+15
🇫🇷 Italians · France
997
+16
🇨🇳 Franks · China
993
+16
🇧🇷 Dravidians · Brazil
1021
-16
🇺🇸 Lithuanians · United States
1010
-16
🇨🇱 Franks · Chile
981
-15
🇪🇸 Maya · Spain
955
-14
欢乐小菜鸟
12:33 Feudal Age
16:42 Castle Age
14:45 Double-Bit Axe
18:12 Bow Saw
18:39 Wheelbarrow
20:58 Hand Cart
29:57 Imperial Age
28:22 Loom
28:22 Town Watch
28:44 Scale Barding Armor
29:11 Forging
28:55 Gold Mining
28:56 Stone Mining
29:31 Husbandry
29:52 Chain Barding Armor
30:08 Cavalier
31:53 Gold Shaft Mining
31:54 Plate Barding Armor
31:56 Iron Casting
31:53 Conscription
32:37 Paladin
37:05 Chivalry
37:45 Capped Ram
42:57 Caravan
alexggg56
7:45 Loom
11:02 Feudal Age
15:05 Castle Age
13:33 Double-Bit Axe
13:31 Horse Collar
17:55 Bow Saw
22:32 Wheelbarrow
21:43 Town Watch
22:51 Fletching
23:52 Heavy Plow
24:23 Gold Mining
24:52 Stone Mining
25:33 Bodkin Arrow
25:39 Padded Archer Armor
26:42 Hand Cart
31:14 Imperial Age
29:13 Leather Archer Armor
28:59 Scale Mail Armor
29:10 Forging
28:44 Treadmill Crane
29:15 Masonry
29:00 Murder Holes
29:16 Fortified Wall
30:23 Stone Shaft Mining
30:21 Caravan
30:50 Silk Road
31:30 Ballistics
31:28 Chain Mail Armor
31:29 Squires
31:15 Arson
31:40 Thumb Ring
31:44 Elite Skirmisher
33:28 Guilds
33:44 Conscription
34:48 Two-Man Saw
33:51 Town Patrol
34:26 Crop Rotation
34:22 Bracer
34:54 Ring Archer Armor
34:58 Architecture
36:01 Chemistry
36:04 Plate Mail Armor
37:37 Iron Casting
38:25 Scale Barding Armor
39:51 Chain Barding Armor
40:32 Blast Furnace
42:42 Plate Barding Armor
43:48 Bloodlines
43:39 Husbandry
43:03 Light Cavalry
44:15 Hussar
mAjiCode
11:23 Feudal Age
15:04 Castle Age
13:11 Stone Mining
13:18 Double-Bit Axe
14:53 Gold Mining
24:25 Loom
25:02 Horse Collar
25:43 Bow Saw
26:17 Fletching
27:43 Nomads
28:44 Wheelbarrow
29:53 Hand Cart
29:56 Heavy Plow
30:24 Bodkin Arrow
30:29 Padded Archer Armor
32:21 Leather Archer Armor
32:20 Thumb Ring
32:45 Ballistics
40:18 Imperial Age
40:53 Murder Holes
41:12 Bracer
41:34 Siege Engineers
42:30 Chemistry
41:13 Elite Mangudai
41:24 Capped Ram
42:43 Conscription
43:27 Caravan
43:40 Siege Ram
44:44 Drill
着什么急
10:55 Feudal Age
11:24 Double-Bit Axe
15:01 Castle Age
13:29 Horse Collar
17:00 Bow Saw
17:22 Heavy Plow
19:58 Wheelbarrow
23:00 Hand Cart
23:27 Gold Mining
23:35 Stone Mining
29:43 Imperial Age
28:39 Stone Shaft Mining
28:48 Loom
29:22 Forging
29:17 Scale Barding Armor
29:39 Caravan
30:49 Bloodlines
30:40 Husbandry
30:00 Cavalier
31:22 Iron Casting
31:09 Chain Barding Armor
34:06 Blast Furnace
33:03 Light Cavalry
34:23 Szlachta Privileges
34:39 Conscription
33:54 Winged Hussar
36:13 Lechitic Legacy
43:45 Crop Rotation
HowManyMustDie
11:16 Feudal Age
13:50 Wheelbarrow
16:04 Castle Age
15:28 Double-Bit Axe
15:26 Horse Collar
18:45 Wheelbarrow
19:15 Loom
21:14 Hand Cart
25:37 Stone Mining
25:38 Gold Mining
27:02 Stone Shaft Mining
33:18 Imperial Age
31:45 Bloodlines
31:36 Husbandry
30:59 Light Cavalry
31:47 Scale Barding Armor
31:33 Fletching
33:16 Chain Barding Armor
33:28 Bodkin Arrow
34:46 Elite Leitis
36:24 Conscription
37:08 Plate Barding Armor
36:35 Bracer
Master of Ludus
0:35 Loom
12:22 Feudal Age
16:28 Horse Collar
23:12 Castle Age
21:02 Town Watch
21:23 Double-Bit Axe
24:42 Wheelbarrow
25:37 Heavy Plow
25:51 Bow Saw
27:23 Hand Cart
27:08 Town Patrol
28:39 Elite Skirmisher
29:22 Pikeman
30:03 Squires
36:24 Imperial Age
34:08 Masonry
33:51 Fletching
34:12 Forging
34:03 Scale Mail Armor
34:03 Padded Archer Armor
34:59 Gold Mining
35:03 Stone Mining
36:12 Bodkin Arrow
36:53 Iron Casting
36:33 Chain Mail Armor
36:49 Ballistics
36:31 Hul'che Javelineers
38:42 Chemistry
38:13 Architecture
38:33 Elite Plumed Archer
39:34 Thumb Ring
39:52 Crossbowman
41:12 Hoardings
41:52 Blast Furnace
40:55 Bracer
42:22 Conscription
43:06 Leather Archer Armor
43:23 Plate Mail Armor
44:02 Blast Furnace
42:56 Halberdier
44:14 Fortified Wall
44:37 Ring Archer Armor
45:12 Blast Furnace
Black-HuLk
11:17 Feudal Age
15:00 Castle Age
13:34 Double-Bit Axe
14:28 Stone Mining
15:01 Gold Mining
15:44 Loom
17:18 Bow Saw
22:42 Gold Mining
22:48 Fletching
27:02 Wheelbarrow
27:06 Padded Archer Armor
28:10 Bodkin Arrow
28:30 Leather Archer Armor
31:58 Imperial Age
30:17 Forging
30:13 Scale Barding Armor
30:45 Scale Barding Armor
31:17 Hand Cart
30:56 Town Watch
31:31 Husbandry
32:36 Iron Casting
32:22 Chain Barding Armor
33:10 Conscription
32:37 Cavalier
34:18 Paladin
36:38 Blast Furnace
36:19 Plate Barding Armor
36:49 Elite Skirmisher
37:37 Town Patrol
TT
1:37 Loom
14:01 Feudal Age
14:42 Town Watch
14:47 Horse Collar
14:57 Double-Bit Axe
18:11 Stone Mining
20:23 Castle Age
22:07 Thumb Ring
22:04 Fletching
22:15 Padded Archer Armor
23:42 Heavy Plow
32:53 Imperial Age
31:53 Wheelbarrow
33:14 Ballistics
33:06 Masonry
34:29 Hand Cart
34:31 Murder Holes
36:03 Bodkin Arrow
36:17 Scale Mail Armor
35:49 Crossbowman
37:08 Squires
36:35 Pikeman
37:35 Halberdier
38:22 Arbalester
39:29 Forging
40:48 Chain Mail Armor
41:17 Iron Casting
40:44 Bracer
41:32 Gambesons
42:26 Plate Mail Armor
43:10 Wootz Steel
44:27 Chemistry
Connection lost

Rejoining the realm…

Still unreachable

The connection could not be restored.

Session expired

The server has moved on; the page needs a fresh start.